 Dungeon Crawl Stone Soup version 0.19.0-20-gbc5f0c6 (webtiles) character file.

2984 Hildebrand the Basher (level 9, -22/133 HPs)
             Began as a Minotaur Berserker on Nov 17, 2016.
             Was an Elder of Trog.
             Annihilated by an orc knight
             ... wielding a +0 battleaxe
              (28 damage)
             ... on level 7 of the Dungeon on Nov 18, 2016.
             The game lasted 00:29:51 (7187 turns).

Hildebrand the Basher (Minotaur Berserker)          Turns: 7187, Time: 00:29:52

Health: -22/133    AC: 31    Str: 24    XL:     9   Next: 53%
Magic:  8/8        EV:  2    Int:  6    God:    Trog [****..]
Gold:   320        SH:  0    Dex:  9    Spells: 0 memorised, 8 levels left

rFire  . . .     SeeInvis .     q - +1 flail (protect)
rCold  . . .     Gourm    .     (armour currently unavailable)
rNeg   + + +     Faith    .     (no shield)
rPois  +         Spirit   .     (helmet currently unavailable)
rElec  .         Reflect  .     (cloak currently unavailable)
rCorr  .         Harm     .     (gloves currently unavailable)
MR     .....     NoTele   +     (boots currently unavailable)
Stlth  +.........               (no amulet)
                                (no ring)
                                e - ring of poison resistance

@: tree-form, protection aura
A: (retaliatory headbutt), (horns 0)
a: Berserk, Trog's Hand, Brothers in Arms, Burn Spellbooks, Renounce Religion


You were on level 7 of the Dungeon.
You worshipped Trog.
Trog was greatly pleased with you.
You were not hungry.
You were a tree.
You visited 2 branches of the dungeon, and saw 8 of its levels.
You also visited: Bailey.

You collected 320 gold pieces.

Inventory:

Hand Weapons
 q - a +1 flail of protection (weapon)
Armour
 i - a +0 ring mail of fire resistance
 k - a +0 pair of gloves (melded)
 s - the +1 scale mail of the Devil (melded) {rElec}
   (You found it on level 6 of the Dungeon)

   It insulates you from electricity.
Jewellery
 e - a ring of poison resistance (left branch)
Wands
 j - a wand of disintegration (24/24)
Scrolls
 m - a scroll of remove curse
 v - a scroll of fear {unknown}
 w - a scroll of fog
 x - a scroll of teleportation {unknown}
Potions
 b - 4 potions of heal wounds {unknown}
 d - 5 potions of curing
 g - a potion of invisibility {unknown}
 h - a potion of resistance
 l - a potion of cure mutation
 n - a potion of cancellation {unknown}
 p - 3 potions of haste {unknown}
 r - 2 potions of might {unknown}
 u - a potion of brilliance {unknown}
 z - a potion of magic {unknown}
Comestibles
 a - 2 fruits
 c - a bread ration
 o - 3 meat rations
 t - 22 chunks of flesh


   Skills:
 * Level 11.5 Fighting
 * Level 11.6 Maces & Flails
 + Level 2.4 Armour
 + Level 2.1 Dodging


You had 8 spell levels left.
You didn't know any spells.

Dungeon Overview and Level Annotations

Branches:
Dungeon (7/15)             Temple (1/1) D:6

Altars:
Ashenzari
Cheibriados
Dithmenos
Fedhas
Gozag
Kikubaaqudgha
Nemelex Xobeh
Qazlal
Ru
Sif Muna
Trog
Uskayaw
Vehumet
Xom
Yredelemnul
Zin
The Shining One

Shops:
D:4 *


Innate Abilities, Weirdness & Mutations

((You reflexively headbutt those who attack you in melee.))
((You have a pair of horns on your head.))


Message History

The orc no longer looks unusually strong.
The orc warrior hits you with a war axe!
* * * LOW HITPOINT WARNING * * *
The orc hits you but does no damage. The gnoll hits you but does no damage.
You thump the orc!
Your weapon exudes an aura of protection.
You kill the orc!
Trog accepts your kill.
Your skin stops crawling.
You feel less resistant to hostile enchantments.
The orc warrior hits you with a war axe!
* * * LOW HITPOINT WARNING * * *
The orc knight hits you but does no damage.
The gnoll hits you but does no damage.
Huge Dmg: -13%(-17hp) hp: 5%(6hp)
You hit the gnoll but do no damage.
The gnoll is severely wounded.
The orc warrior hits you but does no damage.
The orc knight hits you with a battleaxe!!
You die...

.. #............#
.......##.......#
....#####.......#
.................
...###..........#
#..≈≈≈≈≈≈≈.#
#..≈#####≈...
#..≈#.go#≈..#
##.≈#.♣o# ..#
#.≈#)..#≈..#
#.≈##.##≈..#
#.≈≈≈≈≈≈≈..#
#...)).....#
#####......#
########


You could see an orc knight, an orc warrior and a gnoll.

Vanquished Creatures
  The ghost of Warped the Cleaver, a novice HOMo (D:4)
  Sigmund (D:6)
  Edmund (D:6)
  Duvessa (D:6)
  6 orc warriors (Bailey)
  A sky beast (D:5)
  An ice beast (D:4)
  4 ogres
  A centaur (D:6)
  A bullfrog (D:6)
  Dowan (D:6)
  A scorpion (D:5)
  3 crimson imps
  2 bullfrog zombies
  A hound (D:4)
  A centaur skeleton (D:6)
  2 orc priests (D:5)
  A bullfrog skeleton (D:4)
  5 orc wizards
  Terence (D:2)
  A worker ant (D:6)
  2 iguanas
  A hound skeleton (D:6)
  A worker ant zombie (D:6)
  6 adders
  11 gnolls (Bailey)
  An adder skeleton (D:4)
  5 worms
  2 dart slugs
  2 leopard geckos
  25 orcs
  9 bats
  4 giant cockroaches
  34 goblins
  16 hobgoblins
  8 jackals
  5 kobolds
  A quokka (D:3)
  A ball python (D:2)
  9 frilled lizards
  A jackal skeleton (D:5)
  9 rats
190 creatures vanquished.

Notes
Turn   | Place    | Note
-------+----------+-------------------------------------------
     0 | D:1      | Hildebrand the Minotaur Berserker began the quest for the Orb.
     0 | D:1      | Reached XP level 1. HP: 19/19 MP: 0/0
    78 | D:1      | Huge Dmg: 4 dmg
   202 | D:1      | Reached XP level 2. HP: 25/27 MP: 1/1
   389 | D:1      | Found a sparkling altar of Nemelex Xobeh.
   810 | D:1      | Huge Dmg: 8 dmg
  1029 | D:2      | Reached XP level 3. HP: 33/33 MP: 2/2
  1183 | D:2      | Reached ** piety under Trog
  1203 | D:2      | Huge Dmg: 12 dmg
  1206 | D:2      | Huge Dmg: 5 dmg
  1390 | D:2      | Found a glowing golden altar of the Shining One.
  1560 | D:2      | Reached skill level 5 in Maces & Flails
  1770 | D:2      | You fall through a shaft for 2 floors!
  1780 | D:4      | Found Founithu's Assorted Antiques.
  1787 | D:4      | Huge Dmg: 7 dmg
  1790 | D:4      | Reached XP level 4. HP: 22/41 MP: 3/3
  1795 | D:4      | Huge Dmg: 7 dmg
  2088 | D:3      | Huge Dmg: 8 dmg
  2097 | D:3      | Reached skill level 5 in Fighting
  2258 | D:2      | Noticed Terence
  2265 | D:2      | Killed Terence
  2265 | D:2      | Reached XP level 5. HP: 38/48 MP: 4/4
  2900 | D:3      | Huge Dmg: 10 dmg
  3364 | D:4      | Noticed an ogre
  3366 | D:4      | Huge Dmg: 14 dmg
  3370 | D:4      | Huge Dmg: 14 dmg
  3371 | D:4      | Killed an ogre
  3371 | D:4      | Reached XP level 6. HP: 33/58 MP: 5/5
  3376 | D:4      | Huge Dmg: 11 dmg
  3719 | D:4      | Noticed Warped's ghost (novice HOMo)
  3732 | D:4      | Huge Dmg: 13 dmg
  3740 | D:4      | Huge Dmg: 9 dmg
  3741 | D:4      | Killed Warped's ghost
  3741 | D:4      | Reached XP level 7. HP: 16/66 MP: 6/6
  3745 | D:4      | Huge Dmg: 5 dmg
  4403 | D:5      | Entered Level 5 of the Dungeon
  4920 | D:5      | Reached *** piety under Trog
  4920 | D:5      | Reached XP level 8. HP: 51/75 MP: 7/7
  5421 | D:6      | Noticed Sigmund
  5436 | D:6      | Killed Sigmund
  5446 | D:6      | Got a fine scale mail
  5493 | D:6      | Found a deep blue altar of Sif Muna.
  5536 | D:6      | Noticed Duvessa
  5536 | D:6      | Noticed Dowan
  5546 | D:6      | Killed Duvessa
  5546 | D:6      | Reached skill level 10 in Maces & Flails
  5552 | D:6      | Killed Dowan
  5552 | D:6      | Reached skill level 10 in Fighting
  5601 | D:6      | Noticed Edmund
  5619 | D:6      | Killed Edmund
  5773 | D:6      | Identified the +1 scale mail of the Devil {rElec} (You found it on level 6 of the Dungeon)
  5805 | D:6      | Huge Dmg: 24 dmg
  5977 | D:6      | Reached XP level 9. HP: 63/86 MP: 8/8
  6202 | D:6      | Found a staircase to the Ecumenical Temple.
  6216 | Temple   | Entered the Ecumenical Temple
  6396 | D:7      | Noticed a hand axe
  6397 | D:7      | Found a hide-covered altar of Uskayaw.
  6397 | D:7      | Noticed a hand axe
  6456 | D:7      | Found a flagged portal.
  6465 | D:7      | Huge Dmg: 24 dmg
  6641 | Bailey   | Entered a bailey
  6849 | Bailey   | Reached **** piety under Trog
  7155 | Bailey   | Noticed an orc warlord
  7155 | Bailey   | Noticed an orc knight
  7156 | Bailey   | Noticed an orc knight
  7181 | Bailey   | Huge Dmg: 29 dmg
  7183 | Bailey   | Huge Dmg: 19 dmg
  7185 | D:7      | Huge Dmg: 18 dmg
  7186 | D:7      | HP: 6/133 [orc warrior/war axe (17)]
  7187 | D:7      | Huge Dmg: 17 dmg
  7187 | D:7      | Annihilated by an orc knight

Skill      XL: |  1  2  3  4  5  6  7  8  9 |
---------------+----------------------------+-----
Fighting       | 4 5 6 7 8 10 11 | 11.5
Maces & Flails | 4 5 6 7 8 10 11 | 11.6
Armour         | |  2.4
Dodging        | |  2.1

Action                   |  1- 3 |  4- 6 |  7- 9 || total
-------------------------+-------+-------+-------++-------
Melee: Mace              |    76 |   118 |    35 ||   229
       Headbutt          |    15 |    19 |    69 ||   103
       Flail             |       |       |   284 ||   284
Invok: Berserk           |     1 |     2 |       ||     3
       Trog's Hand       |       |     3 |     6 ||     9
       Burn Spellbooks   |       |     1 |       ||     1
       Brothers in Arms  |       |       |     1 ||     1
  Use: Scroll            |     3 |     7 |     2 ||    12
       Potion            |       |       |     1 ||     1
  Eat: Chunk             |     3 |     8 |     9 ||    20
       Bread ration      |       |       |     1 ||     1
       Pizza             |       |       |     1 ||     1
Armor: Animal skin       |    14 |       |       ||    14
       Ring mail         |       |    51 |    45 ||    96
       Scale mail        |       |       |    55 ||    55
       Skin              |       |       |     5 ||     5
Dodge: Dodged            |    58 |    81 |   145 ||   284
